 Dungeon Crawl Stone Soup version 0.24.0-1-gfbc8707122 (webtiles) character file.

Game seed: 17816931471055711616, levelgen mode: deterministic

34 Gynju the Firebug (level 3, 0/19 HPs)
             Began as a Deep Elf Fire Elementalist on Oct 27, 2019.
             Slain by a jackal (3 damage)
             ... on level 1 of the Dungeon.
             The game lasted 00:00:59 (1081 turns).

Gynju the Firebug (Deep Elf Fire Elementalist)      Turns: 1081, Time: 00:01:00

Health: 0/19       AC:  2    Str:  5    XL:     3   Next: 14%
Magic:  0/10       EV: 13    Int: 20    God:
Gold:   82         SH:  0    Dex: 15    Spells: 8/9 levels left

rFire    . . .     SeeInvis .   h - +0 whip
rCold    . . .     Gourm    .   (no shield)
rNeg     . . .     Faith    .   a - +0 robe
rPois    .         Spirit   .   k - +0 hat
rElec    .         Reflect  .   (no cloak)
rCorr    .         Harm     .   (no gloves)
MR       .....                  (no boots)
Stlth    ++........             (no amulet)
HPRegen  0.06/turn              (no ring)
MPRegen  0.12/turn              (no ring)

@: very slightly contaminated
A: no striking features
a: no special abilities


You were on level 1 of the Dungeon.
You were not hungry.

You visited 1 branch of the dungeon, and saw 2 of its levels.

You collected 82 gold pieces.

Inventory:

Hand Weapons
 h - a +0 whip (weapon)
Missiles
 i - 76 stones (quivered)
 j - 6 javelins
Armour
 a - a +0 robe (worn)
 k - a +0 hat (worn)
Scrolls
 d - a scroll of fog {unknown}
 f - a scroll of teleportation {unknown}
 l - a scroll of identify {unknown}
Potions
 e - a potion of brilliance {unknown}
 g - 2 potions of invisibility {unknown}
 m - a potion of ambrosia {unknown}
 n - a potion of lignification {unknown}
Comestibles
 c - 2 rations


   Skills:
 + Level 3.1 Dodging
 - Level 2.4 Stealth
 + Level 3.5 Spellcasting
 + Level 1.9 Conjurations
 + Level 3.7 Fire Magic


You had 8 spell levels left.
You knew the following spells:

 Your Spells              Type           Power        Failure   Level  Hunger
a - Flame Tongue          Conj/Fire      ##...        4%          1    None

Your spell library contained the following spells:

 Spells                   Type           Power        Failure   Level  Hunger
 Throw Flame              Conj/Fire      ##....       6%          2    ##.....
 Conjure Flame            Conj/Fire      ##......     13%         3    ###....
 Inner Flame              Hex/Fire       ##......     19%         3    ###....
 Sticky Flame             Conj/Fire      ##......     38%         4    ####...
 Fireball                 Conj/Fire      ##........   75%         5    ######.


Dungeon Overview and Level Annotations

Branches:
Dungeon (2/15)

Altars:


Message History

You closely miss the jackal.
The jackal is moderately wounded.
The jackal closely misses you.
You hit the jackal.
The jackal is severely wounded.
The jackal bites you.
* * * LOW HITPOINT WARNING * * *
The jackal closely misses you.
You barely miss the jackal.
The jackal is severely wounded.
The jackal bites you.
* * * LOW HITPOINT WARNING * * *
The jackal closely misses you.
Casting: Flame Tongue (safe; 4% risk of failure)
Confirm with . or Enter, or press ? or * to list all spells.
Aiming: Flame Tongue (safe; 4% risk of failure)
Press: ? - help, Shift-Dir - straight line, f/p - jackal
Aim: a jackal (severely wounded)
The flame tongue misses the jackal.
The jackal bites you.
You die...

.+........# #..........#
.##.#########.##########
.##..####.....#####
.###.##...###.....# .#
#.##...#⌠#.....# .#
#.##...###.....# .#
#..#...........#
#####.#..........†######
................@.'....######
...............h..####...)).##
.....)............# #..####..#
..)...............###........#
.[.................##(.#.#.#.#
..^....#######.....###.......#
........# #.....# #.#.#.#.#
......#.## #.....# #...)...#
......#..# #.....# #.#.#.#.#


You could see a jackal.

Vanquished Creatures
  An adder (D:2)
  2 leopard geckos (D:1)
  2 bats (D:1)
  2 goblins (D:1)
  3 hobgoblins (D:1)
  2 jackals (D:1)
  5 kobolds (D:1)
  4 rats (D:1)
21 creatures vanquished.

Notes
Turn   | Place    | Note
-------+----------+-------------------------------------------
     0 | D:1      | Gynju the Deep Elf Fire Elementalist began the quest for
                  | the Orb.
     0 | D:1      | Reached XP level 1. HP: 10/10 MP: 6/6
   149 | D:1      | Reached XP level 2. HP: 15/15 MP: 4/8
  1064 | D:2      | Reached XP level 3. HP: 18/19 MP: 6/10
  1081 | D:1      | Slain by a jackal

Levels and vault maps discovered:
D:1:      dpeg_arrival_boxorama, layout_basic, serial_glass, glass_columns_b,
          glass_columns_b, feat_on_display
D:2:      layout_basic, bloody_makhleb, okawaru_gym_becter, marbit_many_paths,
          first_ration, minmay_tall_x

Skill      XL: |  1  2 |
---------------+-------+-----
Dodging        | 3 |  3.1
Stealth        | |  2.4
Spellcasting   | |  3.5
Conjurations   | |  1.9
Fire Magic     | |  3.7

Action                   || total
-------------------------++-------
Melee: Whip              ||     8
 Cast: Flame Tongue      ||    38
Armor: Robe              ||     2
Dodge: Dodged            ||    36
